 Dungeon Crawl Stone Soup version 0.29-a0-321-gf1c400731a (console) character file.

Game seed: 6559656090067504464

197915 Ignak the Tortoise (level 18, -11/142 HPs)
             Began as a Gnoll Hedge Wizard on Apr 4, 2022.
             Was the Champion of Okawaru.
             Mangled by a broodmother (27 damage)
             ... on level 4 of the Spider Nest on Apr 5, 2022.
             The game lasted 03:32:04 (46306 turns).

Ignak the Tortoise (Gnoll Hedge Wizard)            Turns: 46306, Time: 03:32:05

Health: -11/142    AC: 22    Str: 11 (12) XL:     18   Next: 87%
Magic:  2/45       EV: 14    Int: 25      God:    Okawaru [******]
Gold:   460        SH: 15    Dex:  9      Spells: 2/45 levels left

rFire   + + .      SeeInvis .   a - +7 broad axe {vorpal, rPois rC- Str+4 Int+3}
rCold   + + .      Faith    .   T - +4 kite shield of Omission {rC++ rN+ Str-2}
rNeg    + + +      Spirit   .   R - +4 troll leather armour
rPois   +          Reflect  .   u - +2 helmet of a sewer {rElec Will+ Str-3}
rElec   +          Harm     .   C - scarf {repulsion}
rCorr   .          Rampage  .   n - +2 pair of gloves {Str+3}
Will    +++++                   o - +2 pair of boots "Kocluh" {rPois Stlth+}
Stlth   ++++++....              I - amulet "Hinnees" {Acrobat rF+}
HPRegen 1.13/turn               N - ring "Rodghior" {Ice rN++ Int+2 Dex-4}
MPRegen 0.29/turn               y - ring of Oraeblu {rF+ Will+ MP+9}

@: radiating poison, very slightly contaminated, studying 2 skills, repel
missiles
A: fangs 1, strong nose, distributed training, fire resistance 1, strong-willed
2, wild magic 2
a: Renounce Religion, Heroism, Finesse, Duel


You were on level 4 of the Spider Nest.
You worshipped Okawaru.
Okawaru was exalted by your worship.
You visited 5 branches of the dungeon, and saw 29 of its levels.
You visited 1 bazaar.
You also visited: Bailey, Ice Cave and Volcano.

You collected 3740 gold pieces.
You spent 3280 gold pieces at shops.

Inventory:

Hand Weapons
 a - the +7 broad axe of Equilibrium (weapon) {vorpal, rPois rC- Str+4 Int+3}
   (You bought it in a shop on level 2 of the Orcish Mines)

   It inflicts extra damage upon your enemies.
   Str:       It affects your strength (+4).
   Int:       It affects your intelligence (+3).
   rC:        It makes you vulnerable to cold.
   rPois:     It protects you from poison.
 b - the +3 morningstar "Kiuladgh" {drain, rF+ SInv}
   (Okawaru gifted it to you on level 1 of the Elven Halls)

   A truly terrible weapon, it drains the life of any living foe it strikes.
   rF:        It protects you from fire.
   SInv:      It lets you see invisible.
 j - a +0 fustibalus of flaming
Missiles
 t - 28 poisoned darts (quivered)
Armour
 n - a +2 pair of gloves of strength (worn)
 o - the +2 pair of boots "Kocluh" (worn) {rPois Stlth+}
   (Okawaru gifted it to you on level 1 of the Orcish Mines)

   rPois:     It protects you from poison.
   Stlth:     It makes you more stealthy.
 u - the +2 helmet of a sewer (worn) {rElec Will+ Str-3}
   (You found it on level 6 of the Lair of Beasts)

   Str:       It affects your strength (-3).
   rElec:     It insulates you from electricity.
   Will:      It increases your willpower.
 C - a scarf of repulsion (worn)
 K - a scarf of resistance
 R - a +4 troll leather armour (worn)
 T - the +4 kite shield of Omission (worn) {rC++ rN+ Str-2}
   (You acquired it on level 12 of the Dungeon)

   Str:       It affects your strength (-2).
   rC:        It greatly protects you from cold.
   rN:        It protects you from negative energy.
Jewellery
 i - a +4 ring of slaying
 q - a ring of protection from fire
 v - a +4 ring of protection
 y - the ring of Oraeblu (right hand) {rF+ Will+ MP+9}
   (You bought it in a shop on level 1 of the Elven Halls)

   [ring of willpower]

   rF:        It protects you from fire.
   MP:        It affects your magic capacity (+9).
   Will:      It increases your willpower.
 A - an amulet of regeneration
 I - the amulet "Hinnees" (around neck) {Acrobat rF+}
   (You found it in an ice cave)

   [amulet of the acrobat]

   It increases your evasion while moving and waiting.
   rF:        It protects you from fire.
 N - the ring "Rodghior" (left hand) {Ice rN++ Int+2 Dex-4}
   (You found it in an ice cave)

   [ring of ice]

   It enhances your ice magic.
   Int:       It affects your intelligence (+2).
   Dex:       It affects your dexterity (-4).
   rF:        It makes you vulnerable to fire.
   rC:        It protects you from cold.
   rN:        It greatly protects you from negative energy.
 Q - a ring of ice
 Y - an amulet of magic regeneration
Wands
 g - a wand of flame (20)
 B - a wand of polymorph (26)
 D - a wand of digging (7)
 F - a wand of paralysis (7)
 G - a wand of acid (2)
 H - a wand of iceblast (27)
 U - a wand of mindburst (11)
Scrolls
 f - 2 scrolls of enchant weapon
 k - 2 scrolls of fog
 m - 7 scrolls of blinking
 w - 6 scrolls of identify
 E - a scroll of holy word
 L - 4 scrolls of amnesia
 M - 3 scrolls of magic mapping
 W - 6 scrolls of teleportation
 X - 4 scrolls of enchant armour
Potions
 c - 2 potions of flight
 d - 5 potions of magic
 e - 3 potions of heal wounds
 h - 2 potions of resistance
 l - 3 potions of brilliance
 p - 14 potions of curing
 r - 2 potions of haste
 s - 3 potions of cancellation
 x - a potion of berserk rage
 O - 7 potions of lignification
 P - a potion of mutation
 S - 5 potions of might
 V - a potion of invisibility
Miscellaneous
 z - a condenser vane


   Skills:
 + Level 12.7 Fighting
 + Level 12.7 Short Blades
 + Level 14.0 Long Blades
 + Level 12.7 Axes
 + Level 12.7 Maces & Flails
 + Level 12.7 Polearms
 + Level 12.7 Staves
 + Level 12.7 Slings
 + Level 12.7 Bows
 + Level 12.7 Crossbows
 + Level 12.7 Throwing
 + Level 16.8 Armour
 + Level 13.4 Dodging
 + Level 13.3 Stealth
 + Level 12.7 Shields
 + Level 12.7 Unarmed Combat
 + Level 14.4 Spellcasting
 + Level 11.0 Conjurations
 + Level 10.7 Hexes
 + Level 11.0 Summonings
 + Level 10.7 Necromancy
 + Level 11.0 Translocations
 + Level 10.7 Transmutations
 + Level 10.7 Fire Magic
 + Level 10.7 Ice Magic
 + Level 10.7 Air Magic
 + Level 10.7 Earth Magic
 + Level 10.7 Poison Magic
 + Level 13.7 Invocations
 + Level 12.7 Evocations


You had 2 spell levels left.
You knew the following spells:

 Your Spells              Type           Power      Damage    Failure   Level
a - Magic Dart            Conj           100%       1d8       1%          1
b - Blink                 Tloc           100%       N/A       1%          2
c - Freezing Cloud        Conj/Ice/Air   54%        6-21      7%          5
d - Mephitic Cloud        Conj/Pois/Air  86%        N/A       1%          3
e - Stone Arrow           Conj/Erth      100%       3d13      1%          3
f - Ignite Poison         Fire/Tmut/Pois 86%        N/A       1%          3
g - Airstrike             Air            43%        N/A       3%          4
h - Yara's Violent Unrav  Hex/Tmut       43%        3d17      8%          5
q - Confusing Touch       Hex            86%        N/A       1%          3
r - Starburst             Conj/Fire      43%        6d12      26%         6
t - Passwall              Tmut/Erth      71%        N/A       1%          2
z - Olgreb's Toxic Radia  Pois           86%        N/A       3%          4
E - Sublimation of Blood  Necr           86%        N/A       1%          2

Your spell library contained the following spells:

 Spells                   Type           Power      Damage    Failure   Level
 Apportation              Tloc           100%       N/A       1%          1
 Foxfire                  Conj/Fire      100%       2x1d9     1%          1
 Pain                     Necr           100%       1d9       1%          1
 Sandblast                Erth           100%       2d20      1%          1
 Slow                     Hex            100%       N/A       1%          1
 Corpse Rot               Necr/Air       100%       N/A       1%          2
 Static Discharge         Conj/Air       86%        N/A       1%          2
 Conjure Flame            Conj/Fire      86%        6-21      1%          3
 Dazzling Flash           Conj/Hex       100%       N/A       1%          3
 Inner Flame              Hex/Fire       86%        N/A       1%          3
 Dispel Undead            Necr           86%        3d28      3%          4
 Flame Wave               Conj/Fire      86%        2d15      3%          4
 Fulminant Prism          Conj/Hex       43%        3d20      3%          4
 Hailstorm                Conj/Ice       100%       3d20      3%          4
 Ice Form                 Ice/Tmut       100%       N/A       3%          4
 Iskenderun's Mystic Bla  Conj/Tloc      86%        2d17      3%          4
 Petrify                  Tmut/Erth      86%        N/A       3%          4
 Sticky Flame             Conj/Fire      86%        2d10      3%          4
 Fireball                 Conj/Fire      43%        3d17      7%          5
 Irradiate                Conj/Tmut      43%        3d27      7%          5
 Lightning Bolt           Conj/Air       43%        1d62      7%          5
 Agony                    Necr           86%        N/A       8%          5
 Excruciating Wounds      Necr           43%        N/A       8%          5
 Lee's Rapid Deconstruct  Erth           43%        3d22*     8%          5
 Metabolic Englaciation   Hex/Ice        53%        N/A       8%          5
 Enfeeble                 Hex            43%        N/A       75%         7
 Ozocubu's Refrigeration  Ice            53%        4d15      75%         7
 Ignition                 Fire           43%        3d12      100%        8
 Fire Storm               Conj/Fire      43%        8d11      100%        9
 Animate Skeleton         Necr           Unusable   N/A       N/A         1
 Summon Small Mammal      Summ           Unusable   N/A       N/A         1
 Call Imp                 Summ           Unusable   N/A       N/A         2
 Summon Lightning Spire   Summ/Air       Unusable   N/A       N/A         4
 Simulacrum               Ice/Necr       Unusable   N/A       N/A         6

Dungeon Overview and Level Annotations

Branches:
Dungeon (15/15)            Temple (0/1) D:7            Lair (6/6) D:8
  Swamp (0/4) Lair:2       Spider (4/4) Lair:3        Slime (0/5) Lair:6
    Orc (2/2) D:12            Elf (2/3) Orc:2        Vaults (0/5) D:13
 Depths (0/4) D:15         Bailey (visited)           IceCv (visited)
Volcano (visited)

Altars:
Dithmenos
Fedhas
Kikubaaqudgha
Makhleb
Nemelex Xobeh
Okawaru
Qazlal
Ru
Sif Muna
Trog
Uskayaw
Vehumet
Xom
Yredelemnul
Zin
The Shining One
Beogh

Shops:
D:9 (   D:14 :   Orc:1 ?   Orc:2 (:*[   Elf:1 =::!

Portals:
Trove: D:10 (give 9 potions of haste)

Annotations:
D:4 3 runed translucent doors, Thargor's ghost, amateur FeSu


Innate Abilities, Weirdness & Mutations

You have very sharp teeth.
Your uncanny sense of smell can sniff out nearby items.
Your experience applies equally to all skills.
Your flesh is heat resistant. (rF+)
You are highly strong-willed. (Will++)
Your spells are harder to cast, but more powerful.


Message History

You slice the broodmother!!
The broodmother is moderately wounded.
You hit the broodmother.
The broodmother summons spiders!
The broodmother bites you!
A spider bursts forth from the wound!
The broodmother bites you.
Casting: Freezing Cloud (dangerous; 7% risk of failure)
Confirm with . or Enter, or press ? or * to list all spells.
Aiming: Freezing Cloud (dangerous; 7% risk of failure)
Press: ? - help, Dir - move target You feel a surge of power!
That beam is likely to hit you.
Continue anyway?
You miscast Freezing Cloud.
You are very lightly contaminated with residual magic.
Strange energies run through your body! The broodmother barely misses you.
You block the redback's attack. x2; The broodmother closely misses you.
The steelbarb worm simulacrum hits you!
The steelbarb worm simulacrum freezes you.
You resist.
Unknown command.
Casting: Freezing Cloud (dangerous; 7% risk of failure)
Confirm with . or Enter, or press ? or * to list all spells.
You begin to radiate toxic energy.
The redback is poisoned.
The tarantella is poisoned.
The broodmother is poisoned.
The wolf spider is poisoned.
The redback is poisoned.
The broodmother is poisoned.
The redback looks even sicker.
The tarantella looks even sicker.
The broodmother looks even sicker.
The wolf spider looks even sicker.
The redback looks even sicker.
The broodmother looks even sicker.
You block the wolf spider's attack. The wolf spider misses you.
You block the redback's attack. The broodmother bites you!
The redback bites you but does no damage.
The broodmother bites you!
* * * LOW HITPOINT WARNING * * *
The steelbarb worm simulacrum hits you!
* * * LOW HITPOINT WARNING * * *
The steelbarb worm simulacrum freezes you.
You resist.
* * * LOW HITPOINT WARNING * * *
The redback completely misses you. The broodmother bites you!!
You die...

..... #.... ...≈ # ##)^# .#
#... ... #^###.s##....
.^#.#..ss.^......
....^.^s@s## ^ ...
##........sZ[≈# . ..
#.........§§§.###.# #.
##.###......^..§§§...#.#.≈#
≈#.#^≈...^#.#..§§§...†.....
........###.###^.)§......≈#
........##...##.†........#
.......##.....##........^#
.......^..(............^##


You could see 2 broodmothers, a wolf spider (summoned, very poisoned), a
tarantella (very poisoned), 2 redbacks and a steelbarb worm simulacrum.

Vanquished Creatures
  Rupert (D:13)
  Asterion (Spider:3)
  Gastronok (Lair:1)
  Kirke (D:12)
  3 azure jellies (IceCv)
  A rockslime (IceCv)
  An orc warlord (Elf:1)
  A frost giant (D:15)
  A deep elf sorcerer (Elf:1)
  The ghost of Dabor the Fighter, a journeyman GnWn of Okawaru (Lair:6)
  An emperor scorpion (Spider:4)
  A deep elf elementalist (Elf:1)
  A ghost moth (Spider:3)
  4 quicksilver oozes (IceCv)
  A dire elephant (Lair:5)
  4 entropy weavers
  3 spark wasps (Spider:2)
  A yaktaur captain (D:14)
  A great orb of eyes (shapeshifter) (D:14)
  Fannar (D:12)
  9 hydras
  5 centaur warriors
  2 ogre magi
  9 two-headed ogres
  5 boulder beetles
  A radroach (Spider:2)
  5 death yaks (Lair:6)
  2 catoblepae
  22 dancing weapons
  2 tengu warriors (D:15)
  A deep troll shaman (Lair:6)
  3 orc high priests
  A hell knight (Volcano)
  Sonja (Lair:3)
  10 deep elf knights
  2 fire crabs (Lair:2)
  A sun moth (Spider:4)
  5 steelbarb worms
  8 pharaoh ants
  7 orb spiders
  2 orange crystal statues (IceCv)
  A wizard (Elf:1)
  24 deep elf pyromancers
  15 deep elf zephyrmancers
  19 orc knights
  2 lindwurms
  3 orc sorcerers (Orc:2)
  21 ugly things
  18 wolf spiders
  3 oklob plants
  A manticore (shapeshifter) (D:14)
  6 cyclopes
  2 moths of wrath (Spider:3)
  3 manticores
  18 elephants
  6 black mambas
  5 torpor snails
  4 demonic crawlers
  11 cane toads
  A kobold demonologist (Elf:1)
  2 unseen horrors
  2 efreet
  10 komodo dragons
  4 entropy weaver simulacra (IceCv)
  3 very ugly thing simulacra (IceCv)
  7 polar bears
  3 hornets (Spider:1)
  6 trolls
  20 tarantellas
  10 meliai
  A tarantella (shapeshifter) (D:14)
  8 dream sheep
  22 slime creatures
  17 blink frogs
  2 air elementals (Elf:1)
  13 jumping spiders
  A ynoxinul (D:8)
  20 culicivoras
  3 wraiths (D:12)
  9 wyverns
  17 humans
  2 water elementals
  67 yaks
  7 basilisks
  8 fire bats
  2 hogs (D:12)
  4 vampire mosquitoes
  2 fire elementals (Lair:2)
  38 redbacks
  2 steam dragons (D:8)
  3 swamp worms (Lair:2)
  A demonic crawler simulacrum (IceCv)
  2 acid dragons
  16 water moccasins
  5 ice beasts
  57 orc warriors
  2 sky beasts
  3 ugly thing simulacra (IceCv)
  3 black bears
  A boggart (Elf:1)
  13 ogres
  39 wolves
  11 centaurs
  2 phantoms
  Blork the orc (D:5)
  20 bullfrogs
  3 kobold brigands
  3 earth elementals
  4 scorpions
  2 necrophages
  A gnoll sergeant (D:9)
  21 killer bees
  5 howler monkeys
  9 electric eels
  7 lava snakes (Volcano)
  4 jellies
  3 hounds
  26 orc priests
  2 gnoll shamans
  Terence (D:3)
  Jessica (D:2)
  3 iguanas
  24 orc wizards
  5 adders
  14 gnolls
  A white imp (D:5)
  2 ufetubi
  A worm (D:3)
  3 dart slugs (D:1)
  122 orcs
  5 bats
  8 endoplasms
  2 giant cockroaches
  7 goblins
  6 hobgoblins
  20 kobolds
  6 quokkas
  5 ball pythons
  A frilled lizard (D:1)
  5 rats
  A butterfly (Lair:3)
1120 creatures vanquished.

Vanquished Creatures (collateral kills)
  A scorpion (D:4)
  3 killer bees
  An iguana (D:4)
  A worm (D:3)
  A dart slug (D:2)
  3 endoplasms
  2 giant cockroaches
  A goblin (D:1)
  3 hobgoblins
  A quokka (D:1)
  A ball python (D:1)
  2 bats
  4 kobolds
24 creatures vanquished.

Vanquished Creatures (others)
  A killer bee (D:8)
  2 bushes (D:14)
  56 fungi
  98 plants
  9 toadstools (Lair:5)
166 creatures vanquished.

Grand Total: 1310 creatures vanquished

Notes
Turn   | Place    | Note
-------+----------+-------------------------------------------
     0 | D:1      | Ignak the Gnoll Hedge Wizard began the quest for the Orb.
     0 | D:1      | Reached XP level 1. HP: 13/13 MP: 8/8
   196 | D:1      | Reached XP level 2. HP: 12/20 MP: 10/10
   223 | D:1      | Learned a level 2 spell: Blink
   226 | D:1      | Learned a level 2 spell: Call Imp
   787 | D:1      | Reached XP level 3. HP: 23/25 MP: 11/11
   791 | D:1      | Learned a level 3 spell: Mephitic Cloud
  1439 | D:2      | Reached skill level 1 in Invocations
  1747 | D:2      | Noticed Jessica
  1757 | D:2      | Killed Jessica
  1758 | D:2      | Reached skill level 1 in Fighting
  1758 | D:2      | Reached skill level 1 in Short Blades
  1758 | D:2      | Reached skill level 1 in Long Blades
  1758 | D:2      | Reached skill level 1 in Axes
  1758 | D:2      | Reached skill level 1 in Maces & Flails
  1758 | D:2      | Reached skill level 1 in Polearms
  1758 | D:2      | Reached skill level 1 in Staves
  1758 | D:2      | Reached skill level 1 in Slings
  1758 | D:2      | Reached skill level 1 in Bows
  1758 | D:2      | Reached skill level 1 in Crossbows
  1758 | D:2      | Reached skill level 1 in Throwing
  1758 | D:2      | Reached skill level 1 in Armour
  1758 | D:2      | Reached skill level 1 in Shields
  1758 | D:2      | Reached skill level 1 in Unarmed Combat
  1758 | D:2      | Reached skill level 1 in Evocations
  1758 | D:2      | Reached XP level 4. HP: 27/32 MP: 8/13
  1841 | D:2      | Gained mutation: You do not regenerate when monsters are
                  | visible. [potion of mutation]
  1841 | D:2      | Gained mutation: You are agile. (Dex +2) [potion of
                  | mutation]
  1841 | D:2      | Gained mutation: You are covered in fur. (AC +1) [potion of
                  | mutation]
  2157 | D:2      | Found a faded altar of an unknown god.
  2300 | D:2      | Reached skill level 1 in Hexes
  2300 | D:2      | Reached skill level 1 in Necromancy
  2300 | D:2      | Reached skill level 1 in Transmutations
  2300 | D:2      | Reached skill level 1 in Fire Magic
  2300 | D:2      | Reached skill level 1 in Ice Magic
  2300 | D:2      | Reached skill level 1 in Air Magic
  2300 | D:2      | Reached skill level 1 in Earth Magic
  2300 | D:2      | Reached skill level 1 in Poison Magic
  2665 | D:3      | Identified the +3 spear "Dac Zafo" {vorpal, Dex+2 Stlth+}
  2791 | D:3      | Reached XP level 5. HP: 36/37 MP: 9/14
  3068 | D:3      | Noticed Terence
  3084 | D:3      | Killed Terence
  3767 | D:4      | Found a large runed translucent door.
  3767 | D:4      | Found a large runed translucent door.
  3769 | D:4      | Reached XP level 6. HP: 44/44 MP: 16/16
  3785 | D:4      | Found a radiant altar of Vehumet.
  3797 | D:4      | Reached skill level 5 in Dodging
  3804 | D:4      | Found an iron altar of Okawaru.
  4055 | D:4      | Reached skill level 2 in Armour
  4111 | D:4      | Found a glowing silver altar of Zin.
  4316 | D:4      | Reached XP level 7. HP: 47/50 MP: 13/18
  4739 | D:4      | Became a worshipper of Warmaster Okawaru
  4933 | D:4      | Found a runed translucent gate.
  4934 | D:4      | Found a runed translucent gate.
  4935 | D:4      | Found a runed translucent gate.
  4958 | D:4      | Noticed Thargor's ghost (amateur FeSu)
  4968 | D:5      | Entered Level 5 of the Dungeon
  5015 | D:5      | Reached skill level 5 in Stealth
  5078 | D:5      | Found a blossoming altar of Fedhas.
  5108 | D:5      | Noticed Blork the orc
  5126 | D:5      | Killed Blork the orc
  5127 | D:5      | Reached XP level 8. HP: 42/57 MP: 12/19
  5259 | D:5      | Reached * piety under Okawaru
  5260 | D:5      | Reached skill level 3 in Armour
  5705 | D:5      | Learned a level 6 spell: Starburst
  5709 | D:5      | Learned a level 3 spell: Dazzling Flash
  5772 | D:5      | Found a hide-covered altar of Uskayaw.
  5909 | D:5      | Noticed a wyvern
  5920 | D:5      | Killed a wyvern
  6183 | D:5      | Found an ancient bone altar of Kikubaaqudgha.
  6591 | D:6      | Reached ** piety under Okawaru
  6592 | D:6      | Reached XP level 9. HP: 61/65 MP: 21/21
  7033 | D:6      | Found a glowing golden altar of the Shining One.
  7049 | D:6      | Reached skill level 4 in Armour
  7134 | D:6      | Found a stormy altar of Qazlal.
  7342 | D:6      | Found a sparkling altar of Nemelex Xobeh.
  7480 | D:7      | Found a staircase to the Ecumenical Temple.
  7554 | D:7      | Found a flagged portal.
  7563 | Bailey   | Entered a bailey
  7944 | Bailey   | Reached *** piety under Okawaru
  8105 | Bailey   | Reached skill level 5 in Invocations
  8761 | Bailey   | Reached XP level 10. HP: 50/73 MP: 20/22
  8776 | Bailey   | Noticed an orc knight
  8838 | Bailey   | Killed an orc knight
  8838 | Bailey   | Reached **** piety under Okawaru
  8839 | Bailey   | Reached skill level 5 in Fighting
  8839 | Bailey   | Reached skill level 5 in Short Blades
  8839 | Bailey   | Reached skill level 5 in Long Blades
  8839 | Bailey   | Reached skill level 5 in Axes
  8839 | Bailey   | Reached skill level 5 in Maces & Flails
  8839 | Bailey   | Reached skill level 5 in Polearms
  8839 | Bailey   | Reached skill level 5 in Staves
  8839 | Bailey   | Reached skill level 5 in Slings
  8839 | Bailey   | Reached skill level 5 in Bows
  8839 | Bailey   | Reached skill level 5 in Crossbows
  8839 | Bailey   | Reached skill level 5 in Throwing
  8839 | Bailey   | Reached skill level 5 in Armour
  8839 | Bailey   | Reached skill level 5 in Shields
  8839 | Bailey   | Reached skill level 5 in Unarmed Combat
  8839 | Bailey   | Reached skill level 5 in Evocations
 10152 | D:7      | Found a burning altar of Makhleb.
 10238 | D:7      | Found a shimmering altar of Xom.
 10775 | D:8      | Reached skill level 5 in Conjurations
 10775 | D:8      | Reached skill level 5 in Summonings
 10775 | D:8      | Reached skill level 5 in Translocations
 11592 | D:8      | Reached skill level 6 in Armour
 11598 | D:8      | Found a shimmering blue altar of Sif Muna.
 11605 | D:8      | Got Sif Muna's Collected Works on Evil
 11614 | D:8      | Found a bloodstained altar of Trog.
 11711 | D:8      | Learned a level 2 spell: Passwall
 11800 | D:8      | Found a staircase to the Lair.
 11835 | D:8      | Noticed a two-headed ogre
 11871 | D:8      | Killed a two-headed ogre
 11871 | D:8      | Reached ***** piety under Okawaru
 11872 | D:8      | Reached XP level 11. HP: 12/81 MP: 7/24
 12392 | D:9      | Received a gift from Okawaru
 12399 | D:9      | Reached skill level 5 in Hexes
 12399 | D:9      | Reached skill level 5 in Necromancy
 12399 | D:9      | Reached skill level 5 in Transmutations
 12399 | D:9      | Reached skill level 5 in Fire Magic
 12399 | D:9      | Reached skill level 5 in Ice Magic
 12399 | D:9      | Reached skill level 5 in Air Magic
 12399 | D:9      | Reached skill level 5 in Earth Magic
 12399 | D:9      | Reached skill level 5 in Poison Magic
 12539 | D:9      | Reached skill level 7 in Armour
 12767 | D:9      | Found a shadowy altar of Dithmenos.
 12838 | D:9      | Found a basalt altar of Yredelemnul.
 13364 | D:9      | Found Guit's Weapon Shop.
 13734 | D:10     | Entered Level 10 of the Dungeon
 13798 | D:10     | Found a portal to a secret trove of treasure.
 14480 | D:11     | Noticed a cyclops
 14489 | D:11     | Noticed a deep elf pyromancer
 14492 | D:11     | Killed a cyclops
 14501 | D:11     | Killed a deep elf pyromancer
 14501 | D:11     | Identified the +5 ring mail "Middaladgh" {rF- rCorr Dex+3}
                  | (Okawaru gifted it to you on level 11 of the Dungeon)
 14501 | D:11     | Received a gift from Okawaru
 14562 | D:11     | Noticed an eight-headed hydra
 14680 | D:11     | Noticed a boulder beetle
 14691 | D:11     | Noticed a cyclops
 14708 | D:11     | Noticed a two-headed ogre
 15189 | D:11     | Noticed a two-headed ogre
 15200 | D:11     | Killed a two-headed ogre
 15201 | D:11     | Reached skill level 8 in Armour
 15420 | D:11     | Reached skill level 10 in Spellcasting
 15492 | D:11     | Reached XP level 12. HP: 80/89 MP: 16/26
 15517 | D:11     | Killed an eight-headed hydra
 15762 | D:11     | Killed a boulder beetle
 15978 | D:11     | Killed a two-headed ogre
 16000 | D:11     | Learned a level 1 spell: Slow
 16083 | D:11     | Reached skill level 9 in Armour
 16487 | D:12     | Found a flickering gateway to a bazaar.
 16506 | Bazaar   | Entered a bazaar
 16512 | Bazaar   | Found Ynkahok's Jewellery Boutique.
 16530 | Bazaar   | Found Xyrufrut's Antique Armour Shoppe.
 16548 | Bazaar   | Found Diriump's Book Boutique.
 16565 | Bazaar   | Found Jeoph's Antique Weapon Emporium.
 16606 | Bazaar   | Bought a pair of faintly glowing gloves for 342 gold pieces
 16606 | Bazaar   | Identified the +0 pair of gloves of Muttered Phrases {Str+2
                  | Dex+4 Stlth-} (You bought it in a shop in a bazaar)
 16694 | Bazaar   | Bought the Unrestrained Analects for 396 gold pieces
 16699 | Bazaar   | Learned a level 4 spell: Olgreb's Toxic Radiance
 16787 | D:12     | Noticed a boulder beetle
 16809 | D:12     | Killed a boulder beetle
 16940 | D:12     | Noticed Fannar
 16963 | D:12     | Killed Fannar
 17243 | D:12     | Learned a level 3 spell: Stone Arrow
 17253 | D:12     | Learned a level 3 spell: Confusing Touch
 17283 | D:12     | Received a gift from Okawaru
 17498 | D:12     | Found a staircase to the Orcish Mines.
 17500 | D:12     | You fall into a shaft and drop 3 floors!
 17500 | D:15     | Entered Level 15 of the Dungeon
 17515 | D:15     | Found a frozen archway.
 17519 | IceCv    | Entered an ice cave
 18182 | IceCv    | Reached XP level 13. HP: 98/98 MP: 18/27
 18203 | IceCv    | Noticed a quicksilver ooze
 18214 | IceCv    | Killed a quicksilver ooze
 18215 | IceCv    | Reached skill level 10 in Armour
 18257 | IceCv    | Reached ****** piety under Okawaru
 18298 | IceCv    | Noticed a quicksilver ooze
 18426 | IceCv    | Noticed an azure jelly
 18553 | IceCv    | Noticed a quicksilver ooze
 18556 | IceCv    | Killed a quicksilver ooze
 18556 | IceCv    | Received a gift from Okawaru
 18640 | IceCv    | Noticed a quicksilver ooze
 18654 | IceCv    | Killed a quicksilver ooze
 18654 | IceCv    | Received a gift from Okawaru
 18978 | IceCv    | Got the Almanac of Snow
 18987 | IceCv    | Learned a level 5 spell: Yara's Violent Unravelling
 19011 | IceCv    | Noticed a quicksilver ooze
 19028 | IceCv    | Killed a quicksilver ooze
 19546 | IceCv    | Noticed a rockslime
 19564 | IceCv    | Killed a rockslime
 19690 | IceCv    | Found a viscous altar of Jiyva.
 19690 | IceCv    | Noticed an azure jelly
 19717 | IceCv    | Killed an azure jelly
 19847 | IceCv    | Noticed an azure jelly
 19847 | IceCv    | Noticed an azure jelly
 19867 | IceCv    | Killed an azure jelly
 19991 | IceCv    | Killed an azure jelly
 20115 | IceCv    | Identified the amulet "Hinnees" {Acrobat rF+}
 20130 | IceCv    | Identified the ring "Rodghior" {Ice rN++ Int+2 Dex-4}
 20132 | IceCv    | Identified the amulet of Vaxu {Spirit Contam Harm rN+}
 20503 | D:14     | Found Dooqos's Book Shop.
 20711 | D:14     | Reached skill level 11 in Armour
 20916 | D:13     | Noticed Rupert
 20916 | D:13     | Noticed Kirke
 20916 | D:13     | Found a gate to the Vaults.
 20935 | D:12     | Killed Kirke
 21366 | D:12     | Received a gift from Okawaru
 21478 | D:12     | Identified a scroll of acquirement
 21479 | D:12     | Acquired the +4 kite shield of Omission {rC++ rN+ Str-2}
 21583 | Orc:1    | Entered Level 1 of the Orcish Mines
 21594 | Orc:1    | Reached skill level 10 in Dodging
 21595 | Orc:1    | Reached XP level 14. HP: 105/106 MP: 18/29
 21626 | Orc:1    | Identified the +4 lajatang of the Ferocious God {vamp,
                  | rPois rN+ Int+3} (Okawaru gifted it to you on level 1 of
                  | the Orcish Mines)
 21626 | Orc:1    | Received a gift from Okawaru
 21753 | Orc:1    | Found Jucaruta's Magic Scroll Shoppe.
 21767 | Orc:1    | Learned a level 5 spell: Freezing Cloud
 22227 | Orc:2    | Entered Level 2 of the Orcish Mines
 22227 | Orc:2    | Found a staircase to the Elven Halls.
 22435 | Orc:2    | Found a dark tunnel.
 22442 | Volcano  | Entered a volcano
 22993 | Volcano  | Reached skill level 10 in Stealth
 23155 | Volcano  | Found a bloodstained altar of Trog.
 23397 | Orc:2    | Reached skill level 10 in Invocations
 23475 | Orc:2    | Found Plog's Assorted Antiques.
 23972 | Arena    | Entered the Arena
 23994 | Arena    | Entered the Arena
 24028 | Orc:2    | Found Ylibimux's Antique Weapon Boutique.
 24028 | Orc:2    | Found Sexet Alepn's Antique Armour Emporium.
 24031 | Orc:2    | Found Qoff's Assorted Antiques.
 24031 | Orc:2    | Found Cauqyus's Book Boutique.
 24191 | Orc:2    | Reached skill level 12 in Armour
 24199 | Orc:2    | Paralysed by an orc sorcerer for 3 turns
 24390 | Orc:2    | Bought an ancient broad axe for 351 gold pieces
 24390 | Orc:2    | Identified the +7 broad axe of Equilibrium {vorpal, rPois
                  | rC- Str+4 Int+3} (You bought it in a shop on level 2 of the
                  | Orcish Mines)
 24401 | Orc:2    | Bought a warped leather armour for 259 gold pieces
 24401 | Orc:2    | Identified the +1 leather armour of Lugonu's Esteem {rPois
                  | rF+ rC+} (You bought it in a shop on level 2 of the Orcish
                  | Mines)
 24631 | Orc:1    | Identified the +2 pair of boots "Kocluh" {rPois Stlth+}
                  | (Okawaru gifted it to you on level 1 of the Orcish Mines)
 24631 | Orc:1    | Received a gift from Okawaru
 25054 | Lair:1   | Entered Level 1 of the Lair of Beasts
 25211 | Lair:1   | Identified the ring of Beeqei {rC+ Will+ Str-5 Int+3 SInv}
 25215 | Lair:1   | Found a sacrificial altar of Ru.
 25507 | Lair:1   | Noticed Gastronok
 25523 | Lair:1   | Killed Gastronok
 26409 | Lair:2   | Reached XP level 15. HP: 115/115 MP: 21/31
 26425 | Lair:2   | Found a staircase to the Swamp.
 26611 | Lair:2   | Found a transporter.
 26922 | Orc:2    | Bought a Trismegistus Codex for 336 gold pieces
 26926 | Orc:2    | Learned a level 3 spell: Ignite Poison
 27171 | Lair:2   | Found a transporter.
 27688 | Lair:2   | Identified the +0 helmet "Xozoigeb" {rN+ Str-5 Int+4}
 27691 | Lair:2   | Identified the ring of Ybonk {rPois rF- rCorr Str-2 Dex+9}
 27980 | Lair:3   | Found a hole to the Spider Nest.
 27981 | Lair:3   | Noticed Sonja
 28019 | Lair:3   | Killed Sonja
 28186 | Lair:3   | Found an ancient bone altar of Kikubaaqudgha.
 28461 | Lair:3   | Received a gift from Okawaru
 28501 | Lair:3   | Reached skill level 10 in Fighting
 28501 | Lair:3   | Reached skill level 10 in Short Blades
 28501 | Lair:3   | Reached skill level 10 in Long Blades
 28501 | Lair:3   | Reached skill level 10 in Axes
 28501 | Lair:3   | Reached skill level 10 in Maces & Flails
 28501 | Lair:3   | Reached skill level 10 in Polearms
 28501 | Lair:3   | Reached skill level 10 in Staves
 28501 | Lair:3   | Reached skill level 10 in Slings
 28501 | Lair:3   | Reached skill level 10 in Bows
 28501 | Lair:3   | Reached skill level 10 in Crossbows
 28501 | Lair:3   | Reached skill level 10 in Throwing
 28501 | Lair:3   | Reached skill level 10 in Shields
 28501 | Lair:3   | Reached skill level 10 in Unarmed Combat
 28501 | Lair:3   | Reached skill level 10 in Evocations
 28638 | Lair:3   | Found a runed translucent door.
 28673 | Lair:3   | Reached skill level 13 in Armour
 29651 | Lair:4   | You fall into a shaft and drop 2 floors!
 29651 | Lair:6   | Entered Level 6 of the Lair of Beasts
 29804 | Lair:5   | Identified the +0 robe of Lies {Rampage rCorr}
 30126 | Lair:4   | Received a gift from Okawaru
 31306 | Lair:5   | Lost mutation: You do not regenerate when monsters are
                  | visible. [potion of mutation]
 31306 | Lair:5   | Lost mutation: You are agile. (Dex +2) [potion of mutation]
 31306 | Lair:5   | Gained mutation: You are frail. (-10% HP) [potion of
                  | mutation]
 31306 | Lair:5   | Gained mutation: Your flesh is heat resistant. (rF+)
                  | [potion of mutation]
 31651 | Lair:5   | Found a runed translucent door.
 31722 | Lair:5   | Identified the +11 great mace "Kemn" {protect, rF+ Int+4}
 31725 | Lair:5   | Got the Incunabulum of Excruciating Hexes
 31946 | Lair:6   | Received a gift from Okawaru
 32297 | Lair:6   | Received a gift from Okawaru
 32298 | Lair:6   | Reached XP level 16. HP: 106/110 MP: 8/32
 32471 | Lair:6   | Identified the +2 helmet of a sewer {rElec Will+ Str-3}
 32588 | Lair:6   | Found a runed translucent door.
 32588 | Lair:6   | Noticed Dabor's ghost (journeyman GnWn)
 32604 | Lair:6   | Reached skill level 14 in Armour
 32723 | Lair:6   | Killed Dabor's ghost
 32942 | Lair:6   | Received a gift from Okawaru
 33072 | Lair:6   | Found a staircase to the Slime Pits.
 34039 | D:13     | Killed Rupert
 34450 | D:13     | Lost mutation: You are frail. (-10% HP) [potion of
                  | mutation]
 34450 | D:13     | Lost mutation: You are covered in fur. (AC +1) [potion of
                  | mutation]
 34450 | D:13     | Gained mutation: Your spells are a little harder to cast,
                  | but a little more powerful. [potion of mutation]
 34450 | D:13     | Gained mutation: You are strong-willed. (Will+) [potion of
                  | mutation]
 34450 | D:13     | Gained mutation: Your spells are harder to cast, but more
                  | powerful. [potion of mutation]
 34450 | D:13     | Gained mutation: You are highly strong-willed. (Will++)
                  | [potion of mutation]
 35257 | D:14     | Received a gift from Okawaru
 36109 | D:15     | Acquired 967 gold pieces
 36844 | D:15     | Reached XP level 17. HP: 103/131 MP: 12/34
 36864 | D:15     | Found a staircase to the Depths.
 37132 | Elf:1    | Entered Level 1 of the Elven Halls
 37196 | Elf:1    | Found a radiant altar of Vehumet.
 37210 | Elf:1    | Reached skill level 15 in Armour
 37276 | Elf:1    | Paralysed by an air elemental for 1 turns
 37279 | Elf:1    | Paralysed by an air elemental for 1 turns
 37286 | Elf:1    | Paralysed by an air elemental for 1 turns
 37362 | Orc:2    | Received a gift from Okawaru
 37470 | Elf:1    | Reached skill level 10 in Conjurations
 37470 | Elf:1    | Reached skill level 10 in Summonings
 37470 | Elf:1    | Reached skill level 10 in Translocations
 38009 | Elf:1    | Identified the +3 morningstar "Kiuladgh" {drain, rF+ SInv}
                  | (Okawaru gifted it to you on level 1 of the Elven Halls)
 38009 | Elf:1    | Received a gift from Okawaru
 38892 | Elf:1    | Found Geebiax's Distillery.
 38895 | Elf:1    | Bought a potion of magic for 96 gold pieces
 38895 | Elf:1    | Bought a potion of curing for 36 gold pieces
 38908 | Elf:1    | Found Xacvioty's Jewellery Boutique.
 38908 | Elf:1    | Found Sotitine's Book Shoppe.
 38909 | Elf:1    | Found Bamos's Book Shoppe.
 38913 | Elf:1    | Paralysed by an air elemental for 1 turns
 38944 | Elf:1    | Bought the ring of Oraeblu {rF+ Will+ MP+9} for 984 gold
                  | pieces
 39040 | Elf:1    | Found Plog's Distillery.
 39137 | Elf:2    | Identified the +5 trident "Mosoz" {vorpal, Will+}
 39324 | Elf:2    | Learned a level 2 spell: Sublimation of Blood
 39329 | Elf:2    | Found a runed translucent gate.
 39329 | Elf:2    | Found a runed translucent gate.
 39329 | Elf:2    | Found a runed translucent gate.
 39441 | Elf:2    | Reached skill level 10 in Hexes
 39441 | Elf:2    | Reached skill level 10 in Necromancy
 39441 | Elf:2    | Reached skill level 10 in Transmutations
 39441 | Elf:2    | Reached skill level 10 in Fire Magic
 39441 | Elf:2    | Reached skill level 10 in Ice Magic
 39441 | Elf:2    | Reached skill level 10 in Air Magic
 39441 | Elf:2    | Reached skill level 10 in Earth Magic
 39441 | Elf:2    | Reached skill level 10 in Poison Magic
 40032 | Elf:1    | Found a radiant altar of Vehumet.
 40173 | Elf:1    | Bought a book of Storms for 480 gold pieces
 40180 | Elf:1    | Learned a level 4 spell: Airstrike
 40576 | Elf:2    | Received a gift from Okawaru
 40957 | Elf:2    | Received a gift from Okawaru
 41819 | Spider:1 | Entered Level 1 of the Spider Nest
 41828 | Spider:1 | Reached XP level 18. HP: 140/140 MP: 35/35
 41925 | Spider:1 | Reached skill level 16 in Armour
 44345 | Spider:3 | Noticed Asterion
 44353 | Spider:3 | Killed Asterion
 44353 | Spider:3 | Received a gift from Okawaru
 44640 | Spider:3 | Received a gift from Okawaru
 45596 | Spider:4 | Entered Level 4 of the Spider Nest
 46297 | Spider:4 | Received a gift from Okawaru
 46306 | Spider:4 | Mangled by a broodmother

Illustrated notes

Levels and vault maps discovered:
D:1:      shiori_arrival_maze, layout_loops_ring
D:2:      layout_basic, dreamdust_ecumenical_altar_hidden_monk_grotto,
          minmay_misc_feat_roman, uniq_jessica
D:3:      layout_basic, supply_closet_lemuel, kennysheep_generic_room_14,
          uniq_terence
D:4:      layout_gridville, zin_statuary, jmf_multi_god_temple2,
          gammafunk_ghost_necromancy
D:5:      layout_gridville, mainiacjoe_overflow_alcove_4,
          mainiacjoe_overflow_concentric_impassable, marbit_many_paths,
          uniq_blork_the_orc
D:6:      layout_cave_pools, mainiacjoe_overflow_alcove_2,
          nicolae_qazlal_eye_of_the_storm, lemuel_doored_altar,
          minmay_fountain_box
D:7:      layout_cave_pools, lemuel_coloured_pillars_altar,
          mainiacjoe_overflow_paths, minmay_temple_entry_grid, enter_bailey_2
D:8:      layout_basic, nzn_overflow_gifts_of_might_and_magic,
          dpeg_oklobed_lair, special_room [special_room_orc],
          chequers_serial_rivers_large_a
D:9:      layout_big_octagon, mainiacjoe_overflow_surrounded_room,
          mainiacjoe_overflow_tiny_flanked, serial_shops,
          nicolae_inconvenience_store
D:10:     layout_basic, enter_trove_6
D:11:     layout_cave_pods
D:12:     layout_roguey, minmay_orc_entry_temple_small, serial_shops,
          bzr_entry_lakeside, uniq_fannar
D:13:     layout_layer_cave, david_vaults_3, uniq_kirke
D:14:     layout_loops_corners, serial_park_square1
          [serial_park_minivault_5x5_2], serial_shops, nicolae_shop_crystal,
          minmay_misc_feat_alley, minmay_checkered_concentric_circles
D:15:     grunt_enter_depths_snipers, layout_long_grid, grunt_decor_one_mirror,
          portal_ice_cave_entry_pillars_four
Lair:1:   layout_regular_city, basic_altar, beast_lair_carwin_3, uniq_gastronok
Lair:2:   gammafunk_cloud_chamber, layout_regular_city,
          palyth_hydra_swamp_entry, grunt_megastairs_4
Lair:3:   layout_roguey, hellmonk_spider_entry_not_the_bees, basic_altar,
          pf_torpor_hydra, serial_bayou_shore_b, lemuel_fruit_fields, uniq_sonja
Lair:4:   layout_roguey, serial_bayou_lake_a, grunt_megastairs_2,
          serial_bayou_shore_a
Lair:5:   gammafunk_lair_enchanted_lake, layout_concentric_octagons
Lair:6:   grunt_lair_end_beastmaster, layout_regular_city,
          nicolae_slime_entry_slimehenge, gammafunk_ghost_grave,
          nicolae_lair_run_with_the_wolves, grunt_megastairs_1
Spider:1: layout_chambers, guppyfry_hornet_nest
Spider:2: layout_cave_pods
Spider:3: layout_spider_delve, uniq_asterion
Spider:4: hellmonk_spider_rune_endless_swarm, uniq_arachne
Orc:1:    layout_diamond_mine, serial_shops,
          nicolae_shop_temple_entry_statues_fountains, david_defended_altar_orc
Orc:2:    grunt_orc_tribal_feast, layout_caves, nicolae_volcano_entry_s_turn,
          serial_shops, nicolae_lakefront_shop, nicolae_orc_lava_room
Elf:1:    eino_elf_arrival_altar, layout_loops_ring, special_room
          [special_room_orc], serial_shops, nicolae_lakefront_shop, shop,
          hangedman_elf_disciples, minmay_shop_grove, lemuel_upstairs_altar
Elf:2:    elven_hall_of_blades_hangedman_original
          [nicolae_blade_entry_pointy_end], layout_geoelf_octagon

Skill      XL: |  1  2  3  4  5  6  7  8  9 10 11 12 13 14 15 16 17 18 |
---------------+-------------------------------------------------------+-----
Conjurations   | 2 3 4 5 6 7 8 9 10 11 | 11.0
Summonings     | 2 3 4 5 6 7 8 9 10 11 | 11.0
Translocations | 2 3 4 5 6 7 8 9 10 11 | 11.0
Invocations    | 1 2 3 4 5 6 7 8 9 10 11 12 13 | 13.7
Fighting       | 1 2 3 4 5 6 7 8 9 10 11 12 | 12.7
Short Blades   | 1 2 3 4 5 6 7 8 9 10 11 12 | 12.7
Long Blades    | 1 2 3 4 5 6 7 8 9 10 11 12 14 | 14.0
Axes           | 1 2 3 4 5 6 7 8 9 10 11 12 | 12.7
Maces & Flails | 1 2 3 4 5 6 7 8 9 10 11 12 | 12.7
Polearms       | 1 2 3 4 5 6 7 8 9 10 11 12 | 12.7
Staves         | 1 2 3 4 5 6 7 8 9 10 11 12 | 12.7
Slings         | 1 2 3 4 5 6 7 8 9 10 11 12 | 12.7
Bows           | 1 2 3 4 5 6 7 8 9 10 11 12 | 12.7
Crossbows      | 1 2 3 4 5 6 7 8 9 10 11 12 | 12.7
Throwing       | 1 2 3 4 5 6 7 8 9 10 11 12 | 12.7
Armour         | 1 2 3 4 6 8 9 11 12 13 14 15 16 | 16.8
Shields        | 1 2 3 4 5 6 7 8 9 10 11 12 | 12.7
Unarmed Combat | 1 2 3 4 5 6 7 8 9 10 11 12 | 12.7
Evocations     | 1 2 3 4 5 6 7 8 9 10 11 12 | 12.7
Hexes          | 1 2 3 4 5 6 7 8 9 10 | 10.7
Necromancy     | 1 2 3 4 5 6 7 8 9 10 | 10.7
Transmutations | 1 2 3 4 5 6 7 8 9 10 | 10.7
Fire Magic     | 1 2 3 4 5 6 7 8 9 10 | 10.7
Ice Magic      | 1 2 3 4 5 6 7 8 9 10 | 10.7
Air Magic      | 1 2 3 4 5 6 7 8 9 10 | 10.7
Earth Magic    | 1 2 3 4 5 6 7 8 9 10 | 10.7
Poison Magic   | 1 2 3 4 5 6 7 8 9 10 | 10.7
Dodging        | 5 6 7 8 9 10 11 12 13 | 13.4
Stealth        | 5 6 7 8 9 10 11 12 13 | 13.3
Spellcasting   | 8 9 10 11 12 13 14 | 14.4

Action                   |  1- 3 |  4- 6 |  7- 9 | 10-12 | 13-15 | 16-18 || total
-------------------------+-------+-------+-------+-------+-------+-------++-------
Melee: Spear             |   106 |   156 |   268 |   192 |    11 |       ||   733
       Bite              |     6 |    18 |    30 |    94 |   102 |    94 ||   344
       Punch             |       |     1 |     9 |    10 |       |       ||    20
       Rapier            |       |       |     7 |     2 |     2 |     1 ||    12
       War axe           |       |       |       |   490 |   301 |       ||   791
       Mace              |       |       |       |     9 |    20 |       ||    29
       Broad axe         |       |       |       |       |   379 |   697 ||  1076
       Morningstar       |       |       |       |       |       |    11 ||    11
 Fire: Fustibalus        |       |       |       |    32 |    48 |       ||    80
Throw: Dart              |       |       |     4 |     8 |     2 |       ||    14
 Cast: Magic Dart        |     4 |       |     5 |    27 |     8 |     4 ||    48
       Call Imp          |     8 |    24 |     3 |       |       |       ||    35
       Mephitic Cloud    |     1 |     5 |    43 |   108 |    13 |     7 ||   177
       Blink             |       |     3 |     9 |    29 |    22 |    25 ||    88
       Dazzling Flash    |       |       |    12 |    44 |     5 |       ||    61
       Passwall          |       |       |       |     1 |     8 |     2 ||    11
       Stone Arrow       |       |       |       |    28 |    82 |    30 ||   140
       Olgreb's Toxic Ra |       |       |       |     9 |   134 |   162 ||   305
       Confusing Touch   |       |       |       |     6 |    11 |     6 ||    23
       Yara's Violent Un |       |       |       |       |     4 |       ||     4
       Freezing Cloud    |       |       |       |       |    35 |    26 ||    61
       Ignite Poison     |       |       |       |       |    20 |    64 ||    84
       Starburst         |       |       |       |       |     7 |    20 ||    27
       Airstrike         |       |       |       |       |       |    29 ||    29
       Sublimation of Bl |       |       |       |       |       |     3 ||     3
Invok: Heroism           |       |       |       |     9 |     7 |     2 ||    18
       Finesse           |       |       |       |     1 |     1 |       ||     2
       Duel              |       |       |       |       |     2 |       ||     2
Evoke: Wand              |       |       |       |     2 |    16 |     3 ||    21
  Use: Potion            |       |     6 |     1 |     6 |     4 |     4 ||    21
       Scroll            |       |     6 |     7 |    19 |    11 |     2 ||    45
 Stab: Sleeping          |     6 |    13 |    14 |     4 |    17 |    19 ||    73
       Confused          |     2 |     5 |     6 |    70 |    17 |     6 ||   106
       Invisible         |       |       |     8 |    12 |       |       ||    20
       Distracted        |       |       |       |       |       |     2 ||     2
Armor: Robe              |    13 |    24 |    49 |    52 |       |       ||   138
       Steam dragon scal |       |       |       |   139 |       |       ||   139
       Troll leather arm |       |       |       |     9 |   284 |   323 ||   616
       Leather armour    |       |       |       |       |     8 |       ||     8
Dodge: Dodged            |    86 |    69 |   195 |   462 |   587 |   512 ||  1911
       Repelled          |       |       |       |     2 |     6 |    18 ||    26
Block: Kite shield       |       |       |       |   334 |   742 |   713 ||  1789

Table legend: (Time is in decaauts)
 A = Elapsed time spent in this place.
 B = Non-inter-level travel time spent in this place.
 C = Inter-level travel time spent in this place.
 D = Time resting spent in this place.
 E = Time spent auto-exploring this place.
 F = Levels seen in this place.
 G = Mean time per level.
                   A        B        C        D        E       F      G
               +--------+--------+--------+--------+--------+-----+--------+
         Total |  46854 |  44968 |   1886 |   9335 |  18413 |  35 | 1338.7 |
       Dungeon |  21124 |  20170 |    954 |   3480 |   9908 |  15 | 1408.3 |
          Lair |   8652 |   8275 |    377 |    963 |   4154 |   6 | 1442.0 |
   Spider Nest |   4517 |   4303 |    214 |    699 |   2450 |   4 | 1129.2 |
  Orcish Mines |   2997 |   2799 |    198 |    555 |    826 |   2 | 1498.5 |
   Elven Halls |   4254 |   4113 |    141 |   1037 |   1074 |   2 | 2127.0 |
        Bazaar |    233 |    233 |      0 |      0 |      0 |   1 |  233.0 |
        Bailey |   1580 |   1580 |      0 |    742 |      0 |   1 | 1580.0 |
      Ice Cave |   2692 |   2692 |      0 |   1476 |      0 |   1 | 2692.0 |
       Volcano |    749 |    749 |      0 |    383 |      0 |   1 |  749.0 |
         Arena |     52 |     52 |      0 |      0 |      0 |   2 |   26.0 |
               +--------+--------+--------+--------+--------+-----+--------+

Top non-repeatable levels by time:
   IceCv: 2692 daAuts
   Elf:2: 2334 daAuts
     D:8: 2199 daAuts
   Orc:2: 2084 daAuts
   Elf:1: 1920 daAuts
    D:11: 1826 daAuts
    D:12: 1763 daAuts
  Lair:6: 1762 daAuts
     D:4: 1598 daAuts
  Bailey: 1580 daAuts
     D:5: 1554 daAuts
  Lair:5: 1508 daAuts
  Lair:2: 1506 daAuts
Spider:3: 1499 daAuts
     D:9: 1420 daAuts
